 Dungeon Crawl Stone Soup version 0.31.0-1-g2c135a008e (webtiles) character file.

Game seed: 12873300071215695052

148 qw the Shooter (level 5, 0/40 HPs)
             Began as a Djinni Hunter on Jan 24, 2024.
             Slain by a gnoll
             ... wielding a +0 flail
              (6 damage)
             ... on level 3 of the Dungeon.
             The game lasted 00:00:08 (2567 turns).

qw the Shooter (Djinni Hunter)                      Turns: 2567, Time: 00:00:09

Health: 0/40       AC:  7    Str: 10    XL:     5   Next: 56%
Gold:   76         EV: 11    Int: 11    God:
                   SH:  0    Dex: 18

rFire   + + .        a - +0 shortbow
rCold   . . .        (shield currently unavailable)
rNeg    . . .        b - +2 ring mail of Quick New Discoveries {rC+ SInv}
rPois   inf          (no helmet)
rElec   .            (no cloak)
rCorr   .            (no gloves)
SInv    +            (boots unavailable)
Will    .....        (no amulet)
Stlth   +            (no ring)
HPRegen 0.26/turn    (no ring)
MPRegen 0.00/turn

%: infuse magic (-1 HP)
@: about to teleport, flying
A: sickness immunity, fire resistance 2, cold vulnerability 1, float, innate
caster, HP casting, extra vitality 1
a: no special abilities


You were on level 3 of the Dungeon.
You visited 1 branch of the dungeon, and saw 3 of its levels.

You collected 76 gold pieces.


Innate Abilities, Weirdness & Mutations

You are immune to sickness and miasma.
You are immune to poison.
Your flesh is very heat resistant. (rF++)
You are vulnerable to cold. (rC-)
You float through the air rather than walking.
You learn spells naturally, not from books.
Your magical power is your life essence.
You have superior vitality. (+4 MHP)


   Skills:
 - Level 3.0 Fighting
 + Level 4.4 Ranged Weapons
 - Level 1.8 Armour
 - Level 2.6 Dodging
 - Level 0.7 Stealth


You knew the following spells:

 Your Spells              Type           Power      Damage    Failure   Level
a - Apportation           Tloc           0%         N/A       65%         1
b - Static Discharge      Conj/Air       0%         3-3/arc   80%         2
Your spell library was empty.

Inventory:

Hand Weapons
 a - a +0 shortbow (weapon)
Armour
 b - the +2 ring mail of Quick New Discoveries (worn) {rC+ SInv}
   (You found it on level 2 of the Dungeon)

   rC+:       It protects you from cold.
   SInv:      It lets you see invisible.
Scrolls
 c - a scroll of identify
Potions
 d - a potion of magic {unknown}
 h - a potion of heal wounds {unknown}
 i - 2 potions of resistance

Dungeon Overview and Level Annotations

Branches:
Dungeon (3/15)

Altars:
Ashenzari


Message History

The gnoll hits you with a +0 club. The gnoll closely misses you.
You shoot an arrow. The arrow hits the gnoll!
You kill the gnoll!
The gnoll barely misses you. The gnoll closely misses you.
You shoot an arrow. The arrow hits the scorpion.
The scorpion is moderately wounded.
You hear a shout!
The scorpion stings you.
A gnoll comes into view. It is wielding a +0 whip.
The gnoll barely misses you.
The scorpion stings you but does no damage.
You shoot an arrow.
The arrow hits the scorpion but does no damage.
The scorpion is moderately wounded.
The gnoll hits you with a +0 flail. The scorpion stings you.
You shoot an arrow. The arrow barely misses the scorpion.
The scorpion barely misses you.
A gnoll comes into view. It is wielding a +0 whip.
The scorpion barely misses you. The gnoll barely misses you.
2561 ||| RETREEEEATING.
The scorpion stings you.
You shoot an arrow. The arrow hits the scorpion!
The scorpion is severely wounded.
You hear a shout!
The scorpion stings you. x2
2563 ||| RETREEEEATING.
The gnoll attacks as it pursues you! The gnoll hits you with a +0 whip.
2564 ||| RETREEEEATING.
You shoot an arrow. The arrow hits the gnoll.
The gnoll is moderately wounded.
The gnoll hits you with a +0 flail.
You shoot an arrow. The arrow barely misses the gnoll.
The arrow completely misses the gnoll.
The arrow hits the gnoll.
The gnoll is lightly wounded.
The gnoll hits you with a +0 flail! The gnoll closely misses you.
2567 ||| READING scroll of teleportation.
As you read the scroll of teleportation, it crumbles to dust.
You feel strangely unstable. The gnoll hits you with a +0 flail.
You die...

#...# ###.# #.#
#.# #.# #.# #.#
#########g##
.......@gg.#
#########s.##.#.#
#)......#
!..g..g).#.###
###.###..# .. #
#... ... #..## ##
#.$# #..#


You could see a scorpion and 3 gnolls.

Vanquished Creatures
  An orc priest (D:2)
  An orc wizard (D:3)
  A gnoll (D:3)
  2 adders (D:2)
  A dart slug (D:2)
  8 orcs
  4 ball pythons
  4 endoplasms
  A giant cockroach (D:1)
  2 goblins (D:2)
  7 jackals
  3 kobolds
  4 quokkas
  6 bats
  2 frilled lizards (D:1)
  7 rats
54 creatures vanquished.

Notes
Turn   | Place    | Note
-------+----------+-------------------------------------------
     0 | D:1      | qw the Djinni Hunter began the quest for the Orb.
     0 | D:1      | Reached XP level 1. HP: 18/18 MP: 0/0
     0 | D:1      | 0 ||| qw: Version: 0.3-a-136-gdd3b4e8
     0 | D:1      | 0 ||| qw: Game counter: 1429
     0 | D:1      | 0 ||| qw: Melee chars always use a shield: true
     0 | D:1      | 0 ||| qw: God list: Okawaru
     0 | D:1      | 0 ||| qw: Allow faded altars: false
     0 | D:1      | 0 ||| qw: Do Orc after clearing Dungeon:15 true
     0 | D:1      | 0 ||| qw: Do second Lair branch before Depths: true
     0 | D:1      | 0 ||| qw: Lair rune preference: random
     0 | D:1      | 0 ||| qw: Goals: Normal
     0 | D:1      | 0 ||| PLANNING D:1-11
   123 | D:1      | Reached XP level 2. HP: 23/23 MP: 0/0
   694 | D:1      | Reached XP level 3. HP: 28/28 MP: 0/0
   694 | D:1      | Learned a level 1 spell: Apportation
   699 | D:1      | Reached skill level 4 in Ranged Weapons
  1097 | D:1      | 1097 ||| READING scroll labelled POAWAGU OLAIVI.
  1101 | D:1      | 1101 ||| READING scroll labelled RALISIOPUGU.
  1102 | D:1      | 1102 ||| DROPPING scroll of butterflies.
  1215 | D:2      | Identified the +2 ring mail of Quick New Discoveries {rC+
                  | SInv}
  1389 | D:2      | Found a faded altar of an unknown god.
  1428 | D:2      | Reached skill level 3 in Fighting
  1428 | D:2      | Reached XP level 4. HP: 34/35 MP: 0/0
  2152 | D:2      | 2152 ||| UPGRADING to +2 ring mail of Quick New Discoveries
                  | {rC+ SInv}.
  2162 | D:2      | 2162 ||| DROPPING +0 leather armour.
  2163 | D:2      | 2163 ||| READING scroll labelled XORCHU VOIMU.
  2163 | D:2      | 2163 ||| IDENTIFYING amethyst potion
  2164 | D:2      | 2164 ||| READING scroll labelled TEPTU SIKINOAG.
  2164 | D:2      | 2164 ||| ENCHANTING +0 shortbow.
  2165 | D:2      | 2165 ||| DRINKING 3 metallic orange potions.
  2201 | D:3      | 2201 ||| STAIRDANCE
  2209 | D:3      | 2209 ||| STAIRDANCE
  2219 | D:2      | HP: 6/35 [orc/+0 mace of venom (6)]
  2220 | D:2      | 2220 ||| READING 2 scrolls of teleportation.
  2365 | D:3      | 2365 ||| STAIRDANCE
  2371 | D:2      | Reached skill level 1 in Armour
  2371 | D:2      | Reached XP level 5. HP: 38/40 MP: 0/0
  2371 | D:2      | Learned a level 2 spell: Static Discharge
  2385 | D:3      | 2385 ||| DRINKING potion of curing.
  2385 | D:3      | 2385 ||| (to cure confusion)
  2440 | D:3      | 2440 ||| STAIRDANCE
  2486 | D:3      | 2486 ||| STAIRDANCE
  2492 | D:3      | 2492 ||| STAIRDANCE
  2500 | D:3      | 2500 ||| STAIRDANCE
  2510 | D:3      | Found a broken altar of Ashenzari.
  2561 | D:3      | 2561 ||| RETREEEEATING.
  2563 | D:3      | 2563 ||| RETREEEEATING.
  2564 | D:3      | 2564 ||| RETREEEEATING.
  2566 | D:3      | HP: 5/40 [gnoll/+0 flail (8)]
  2567 | D:3      | 2567 ||| READING scroll of teleportation.
  2567 | D:3      | Slain by a gnoll

Levels and vault maps discovered:
D:1:      psy_arrival_fountain, layout_basic, chequers_serial_rivers_large_b,
          serial_bayou_ford_a
D:2:      layout_basic, shapermc_ecumenical_altar_mp_ritualfount
D:3:      layout_loops_ring, nicolae_ashenzari_skybound,
          lemuel_coloured_pillars_altar

Skill      XL: |  1  2  3  4 |
---------------+-------------+-----
Ranged Weapons | 4 |  4.4
Fighting       | 3 |  3.0
Armour         | 1 |  1.8
Dodging        | |  2.6
Stealth        | |  0.7

Action                     |  1- 3 |  4- 6 || total
---------------------------+-------+-------++-------
   Fire: Shortbow          |    92 |    61 ||   153
    Use: Scroll            |     2 |     4 ||     6
         Potion            |       |     2 ||     2
 Armour: Leather armour    |    21 |       ||    21
         Ring mail         |       |    63 ||    63
  Dodge: Dodged            |    29 |    47 ||    76

Table legend:
 A = Non-vault XP
 B = Vault XP
 C = Vault XP percentage of total XP
 D = Non-vault monster count
 E = Vault monster count
 F = Vault count percentage of total count
                 A         B        C        D         E       F
            +---------+---------+-------+---------+---------+-------
      Total |     212 |       0 |   0.0 |      54 |       0 |   0.0
            +---------+---------+-------+---------+---------+-------
        D:1 |      36 |       0 |   0.0 |      23 |       0 |   0.0
        D:2 |     120 |       0 |   0.0 |      27 |       0 |   0.0
        D:3 |      56 |       0 |   0.0 |       4 |       0 |   0.0
            +---------+---------+-------+---------+---------+-------
